 Dungeon Crawl Stone Soup version 0.26-a0-660-gc07710193c (webtiles) character file.

Game seed: 5901631133191535175

56 tacoguy the Conjurer (level 3, -2/19 HPs)
             Began as a Deep Elf Conjurer on Oct 5, 2020.
             Slain by a wight
             ... wielding a +0 halberd
              (5 damage)
             ... on level 3 of the Dungeon.
             The game lasted 00:06:45 (2168 turns).

tacoguy the Conjurer (Deep Elf Conjurer)            Turns: 2168, Time: 00:06:45

Health: -2/19      AC:  3    Str:  6    XL:     3   Next: 71%
Magic:  11/11      EV: 12    Int: 23    God:
Gold:   142        SH:  4    Dex: 15    Spells: 8/11 levels left

rFire    . . .     SeeInvis .   (no weapon)
rCold    . . .     Faith    .   (no shield)
rNeg     . . .     Spirit   .   a - +1 robe
rPois    .         Reflect  .   (no helmet)
rElec    .         Harm     .   (no cloak)
rCorr    .         Rampage  .   (no gloves)
MR       .....                  (no boots)
Stlth    ++........             (no amulet)
HPRegen  0.06/turn              (no ring)
MPRegen  0.12/turn              (no ring)

@: drained
A: large bone plates 1, agile 1, strong 1
a: no special abilities


You were on level 3 of the Dungeon.
You visited 1 branch of the dungeon, and saw 3 of its levels.

You collected 142 gold pieces.

Inventory:

Missiles
 j - 2 javelins (quivered)
Armour
 a - a +1 robe (worn)
Scrolls
 c - a scroll of identify
 d - a scroll of amnesia
 f - 2 scrolls of teleportation
Potions
 e - a potion of haste
 h - 2 potions of heal wounds


   Skills:
 - Level 2.4(1.8) Dodging
 - Level 2.4(1.8) Stealth
 * Level 4.9(4.2) Spellcasting
 + Level 5.0(4.3) Conjurations


You had 8 spell levels left.
You knew the following spells:

 Your Spells              Type           Power        Failure   Level
a - Magic Dart            Conj           ###.         1%          1
b - Searing Ray           Conj           ###...       2%          2

Your spell library contained the following spells:

 Spells                   Type           Power        Failure   Level
 Dazzling Flash           Conj/Hex       ##....       12%         3
 Fulminant Prism          Conj/Hex       ##........   38%         4
 Iskenderun's Mystic Bla  Conj/Tloc      ##......     38%         4


Dungeon Overview and Level Annotations

Branches:
Dungeon (3/15)

Altars:


Innate Abilities, Weirdness & Mutations

You are partially covered in large bone plates. (SH +4)
You are agile. (Dex +2)
Your muscles are strong. (Str +2)


Message History

There is a stone staircase leading down here.
You start resting.
HP restored.
You start waiting.
Done waiting.
You start waiting.
Done waiting.
You start waiting.
Done waiting.
You start waiting.
Done waiting.
Okay, then.
There is a stone staircase leading down here.
You can't go up here!
You climb downwards.
The wight hits you with a +0 falchion. The wight hits you with a +0 halberd!
Ouch! That really hurt!
* * * LOW HITPOINT WARNING * * *
You feel drained.
You die...

. #. .# .
#+# #.#.#
#.#.#.#.#
......K.#
#@#
#..zz.#
....#.#.#
#.##.#.#.#
.. # #.# #
#.# #..
###


You could see 2 wights and a kobold.

Vanquished Creatures
  An adder (D:2)
  2 worms (D:2)
  2 dart slugs (D:1)
  A ball python (D:1)
  A giant cockroach (D:2)
  2 hobgoblins (D:1)
  3 jackals (D:2)
  8 kobolds
  3 bats
  7 frilled lizards
  3 goblins
  8 rats
41 creatures vanquished.

Notes
Turn   | Place    | Note
-------+----------+-------------------------------------------
     0 | D:1      | tacoguy the Deep Elf Conjurer began the quest for the Orb.
     0 | D:1      | Reached XP level 1. HP: 10/10 MP: 6/6
   139 | D:1      | Reached XP level 2. HP: 15/15 MP: 3/8
   198 | D:1      | Learned a level 2 spell: Searing Ray
   771 | D:2      | Gained mutation: You have a pair of small antennae on your
                  | head. [potion of mutation]
   771 | D:2      | Gained mutation: Your movements are slightly less
                  | encumbered by armour. (ER -2) [potion of mutation]
   921 | D:2      | Lost mutation: You have a pair of small antennae on your
                  | head. [potion of mutation]
   921 | D:2      | Lost mutation: Your movements are slightly less encumbered
                  | by armour. (ER -2) [potion of mutation]
   921 | D:2      | Gained mutation: You are partially covered in large bone
                  | plates. (SH +4) [potion of mutation]
   921 | D:2      | Gained mutation: Your muscles are strong. (Str +2) [potion
                  | of mutation]
   921 | D:2      | Gained mutation: You are agile. (Dex +2) [potion of
                  | mutation]
   940 | D:2      | Reached XP level 3. HP: 19/19 MP: 5/10
   985 | D:2      | Noticed a sky beast
   985 | D:2      | Noticed a centaur
  1503 | D:2      | Reached skill level 5 in Conjurations
  2168 | D:3      | Slain by a wight

Illustrated notes

Levels and vault maps discovered:
D:1:      minmay_arrival_wavy_path, layout_rooms, minmay_misc_feat_tiny
D:2:      layout_basic, lightli_corner_chamber
D:3:      layout_basic, nicolae_overflow_crystal_walls,
          gammafunk_temple_overflow_wave, uniq_sigmund

Skill      XL: |  1  2  3 |
---------------+----------+-----
Spellcasting   | 4 |  4.9
Conjurations   | 5 |  5.0
Dodging        | |  2.4
Stealth        | |  2.4

Action                   || total
-------------------------++-------
 Cast: Magic Dart        ||    57
       Searing Ray       ||     5
  Use: Potion            ||     7
       Scroll            ||     5
Dodge: Dodged            ||     4

Table legend: (Time is in decaauts)
 A = Elapsed time spent in this place.
 B = Non-inter-level travel time spent in this place.
 C = Inter-level travel time spent in this place.
 D = Time resting spent in this place.
 E = Time spent auto-exploring this place.
 F = Levels seen in this place.
 G = Mean time per level.
                   A        B        C        D        E       F      G
               +--------+--------+--------+--------+--------+-----+--------+
         Total |   2167 |   2054 |    113 |   1115 |    764 |   3 |  722.3 |
       Dungeon |   2167 |   2054 |    113 |   1115 |    764 |   3 |  722.3 |
               +--------+--------+--------+--------+--------+-----+--------+

Top non-repeatable levels by time:
     D:2: 1415 daAuts
     D:1: 750 daAuts
     D:3: 1 daAuts
